 Dungeon Crawl Stone Soup version 0.31-a0-155-gb63f529262 (webtiles) character file.

Game seed: 11687736212170021216

1260 Ijustatesigmund the Stinger (level 8, -2/43 (48) HPs)
             Began as an Octopode Venom Mage on June 12, 2023.
             Was a Believer of Cheibriados.
             Slain by an orc warrior
             ... wielding a +2 halberd of electrocution
              (17 damage)
             ... in a bailey.
             The game lasted 00:20:00 (8790 turns).

Ijustatesigmund the Stinger (Octopode Venom Mage)   Turns: 8790, Time: 00:20:00

HP:   -2/43 (48)    AC:  1    Str: 11    XL:     8   Next: 52%
MP:   9/13          EV: 20    Int: 35    God:    Cheibriados [**....]
Gold: 166           SH:  0    Dex: 23    Spells: 1/14 levels left

rFire   . . .        b - +0 war axe (spect)
rCold   . . .        (no shield)
rNeg    . . .        (helmet restricted)
rPois   .            (no amulet)
rElec   .            c - +5 ring of evasion
rCorr   .            d - +6 ring of intelligence
SInv    .            m - +6 ring of dexterity
Will    .....        u - +6 ring of intelligence
Stlth   ++++         (no ring)
HPRegen 0.27/turn    (no ring)
MPRegen 0.13/turn    (no ring)
                     (no ring)

%: no passive effects
@: radiating poison, heavily drained, very slow
A: almost no armour, amphibious, 8 rings, camouflage 1, gelatinous body 1,
(nimble swimmer 1), tentacles
a: Renounce Religion, Bend Time


You were in a bailey.
You worshipped Cheibriados.
Cheibriados was pleased with you.
You visited 1 branch of the dungeon, and saw 7 of its levels.
You also visited: Ossuary and Bailey.

You collected 348 gold pieces.
You spent 182 gold pieces at shops.

Inventory:

Hand Weapons
 b - a +0 spectral war axe (weapon)
 h - a +1 vampiric hand axe
Armour
 l - an orb of wrath
Jewellery
 c - a +5 ring of evasion (left tentacle)
 d - a +6 ring of intelligence (right tentacle)
 m - a +6 ring of dexterity (on tentacle)
 u - a +6 ring of intelligence (on tentacle)
Scrolls
 g - 3 scrolls of identify
 i - 2 scrolls of immolation
 j - a scroll of fear
 o - 3 scrolls of teleportation
 r - a scroll of butterflies
 s - a scroll of silence
Potions
 a - a potion of magic
 e - 2 potions of ambrosia
 f - 3 potions of brilliance
 k - 2 potions of attraction
 n - 2 potions of might
 p - 3 potions of heal wounds
 q - a potion of curing


   Skills:
 - Level 1.5 Fighting
 - Level 1.2 Axes
 - Level 3.4 Dodging
 - Level 2.6 Stealth
 + Level 3.9 Spellcasting
 + Level 2.9 Conjurations
 - Level 3.3 Hexes
 - Level 1.0 Transmutations
 + Level 3.2 Air Magic
 + Level 5.9 Poison Magic
 + Level 4.4 Invocations


You had one spell level left.
You knew the following spells:

 Your Spells              Type           Power      Damage    Failure   Level
a - Sting                 Tmut/Pois      100%       1d8       1%          1
b - Poisonous Vapours     Pois/Air       76%        N/A       1%          2
c - Mephitic Cloud        Conj/Pois/Air  35%        N/A       2%          3
d - Olgreb's Toxic Radia  Pois           48%        N/A       4%          4
e - Dazzling Flash        Conj/Hex       58%        N/A       3%          3

Your spell library contained the following spells:

 Spells                   Type           Power      Damage    Failure   Level
 Summon Small Mammal      Summ           24%        N/A       4%          1
 Cigotuvi's Dreadful Rot  Necr/Pois/Air  56%        N/A       1%          2
 Tukima's Dance           Hex            30%        N/A       3%          3
 Ignite Poison            Fire/Tmut/Pois 23%        N/A       5%          3
 Summon Guardian Golem    Hex/Summ       18%        N/A       7%          3
 Cause Fear               Hex            15%        N/A       12%         4
 Fulminant Prism          Conj/Hex       14%        3d8       13%         4
 Call Canine Familiar     Summ           6%         N/A       14%         3
 Silence                  Hex/Air        15%        N/A       32%         5
 Passage of Golubria      Tloc           6%         N/A       43%         4
 Yara's Violent Unravell  Hex/Tmut       11%        3d6       45%         5
 Freezing Cloud           Conj/Ice/Air   10%        6-21      50%         5


Dungeon Overview and Level Annotations

Branches:
Dungeon (7/15)             Temple (0/1) D:6         Ossuary (visited)
 Bailey (1/1)

Altars:
Cheibriados
Ru
Uskayaw
Wu Jian

Shops:
D:2 ?   D:6 ?

Annotations:
D:7 2 transporters, onwiheg's ghost, novice FoBe


Innate Abilities, Weirdness & Mutations

You cannot wear most types of armour.
You are amphibious.
You can wear up to eight rings at the same time.
Your skin changes colour to match your surroundings (Stealth+).
Your rubbery body absorbs attacks. (AC +1, EV +1)
((You are camouflaged when in or above water. (Stealth+)))
You have tentacles for arms and can constrict up to eight enemies at once.


Message History

You kill the gnoll!
Cheibriados thoroughly appreciates the change of pace.
No target in view!
Your +0 spectral war axe disappears.
You see here a +1 halberd of electrocution.
There is an open door here.
There is an open door here.
There is an open door here.
An orc comes into view.
It is wielding a +0 spear. 2 gnolls come into view.
A gnoll is wielding a +1 halberd of electrocution.
A gnoll is wielding a +0 halberd of electrocution.
Found four items.
There is an open door here.
An orc warrior comes into view.
It is wielding a +2 halberd of electrocution.
Found a potion of brilliance.
The gnoll shouts! x2; The orc warrior shouts!
An orc comes into view. It is wielding a +0 trident. x2
You hear a shout!
The orc shouts!
A gnoll comes into view.
It is wielding a +2 halberd of electrocution.
Found a potion of magic, a potion of heal wounds and a potion of haste.
The orc closely misses you.
An orc comes into view. It is wielding a +0 spear.
The orc warrior hits you from afar with a +2 halberd of electrocution!
An orc comes into view. It is wielding a +0 spear.
The gnoll hits you from afar with a +0 halberd of electrocution!
The gnoll completely misses you. The orc warrior misses you.
The orc moves out of view.
The orc shouts!
There is an open door, spattered with blood here.
Casting: Olgreb's Toxic Radiance (dangerous; 4% risk of failure)
Confirm with . or Enter, or press ? or * to list all spells.
You begin to radiate toxic energy.
The orc is poisoned. x3
The orc warrior is poisoned.
The gnoll is poisoned.
The orc is poisoned.
The gnoll is poisoned. x2; The orc looks even sicker.
The orc warrior looks even sicker.
The gnoll looks even sicker.
You kill the orc!
Cheibriados appreciates the change of pace.
The gnoll completely misses you. The orc misses you.
The orc warrior hits you from afar with a +2 halberd of electrocution!
You die...

#'# ### ##### ###
### #)###.###.#.#
.#
##'##'##'###+##'##+
##))...## !...!#
###.....### .!.!)##
#.'..⌠..'.# !.o.!'.
###.....###


oog!.# #.....## ##ogg.!# +##'##'###@# #.###.'.## ### ##### You could see an orc
warrior (very poisoned), 3 gnolls and 3 orcs.

Vanquished Creatures
  2 ogres (D:5)
  A centaur (D:5)
  2 phantoms
  2 bullfrogs
  A water moccasin zombie (Ossuary)
  A scorpion (D:6)
  2 hounds
  A jelly (D:4)
  2 orc priests
  An iguana (D:6)
  A sleepcap (D:5)
  Jessica (D:2)
  3 orc wizards
  2 mummies (Ossuary)
  12 gnolls
  7 adders
  A shadow imp (D:6)
  An adder zombie (Ossuary)
  3 worms
  2 dart slugs
  20 orcs
  2 bats
  7 endoplasms
  A giant cockroach (D:4)
  2 gnoll zombies (Ossuary)
  8 goblins
  4 hobgoblins
  2 jackals (D:1)
  5 kobolds
  11 ball pythons
  3 frilled lizards
  6 hobgoblin zombies (Ossuary)
  4 kobold zombies (Ossuary)
  5 orc zombies (Ossuary)
  2 rats
130 creatures vanquished.

Notes
Turn   | Place    | Note
-------+----------+-------------------------------------------
     0 | D:1      | Ijustatesigmund the Octopode Venom Mage began the quest for
                  | the Orb.
     0 | D:1      | Reached XP level 1. HP: 11/11 MP: 3/3
   352 | D:2      | Reached XP level 2. HP: 9/18 MP: 0/5
   391 | D:1      | Learned a level 2 spell: Poisonous Vapours
   452 | D:1      | Reached skill level 4 in Poison Magic
   646 | D:1      | Reached skill level 1 in Fighting
  1001 | D:2      | Noticed Jessica
  1010 | D:2      | Killed Jessica
  1011 | D:2      | Reached skill level 1 in Air Magic
  1011 | D:2      | Reached XP level 3. HP: 23/23 MP: 1/6
  1580 | D:2      | Found Digut's Magic Scroll Shoppe.
  1726 | D:2      | Bought a scroll of identify for 26 gold pieces
  1726 | D:2      | Bought a scroll of teleportation for 39 gold pieces
  1726 | D:2      | Bought a scroll of identify for 26 gold pieces
  1985 | D:2      | Reached XP level 4. HP: 28/28 MP: 7/7
  2297 | D:2      | Learned a level 3 spell: Mephitic Cloud
  2671 | D:3      | Reached XP level 5. HP: 24/33 MP: 7/9
  2713 | D:3      | Reached skill level 1 in Conjurations
  3628 | D:3      | Learned a level 4 spell: Olgreb's Toxic Radiance
  3831 | D:3      | Reached skill level 1 in Axes
  3847 | D:3      | Reached skill level 5 in Poison Magic
  4178 | D:4      | Reached XP level 6. HP: 38/38 MP: 8/10
  4752 | D:4      | Identified the +1 leather armour of Fallacy {Int+5}
  4777 | D:4      | Found a snail-covered altar of Cheibriados.
  5103 | D:4      | Became a worshipper of Cheibriados the Contemplative
  5146 | D:5      | Entered Level 5 of the Dungeon
  5462 | D:5      | Reached skill level 1 in Invocations
  5462 | D:5      | Reached XP level 7. HP: 42/43 MP: 5/12
  6063 | D:5      | Found an ornate altar of the Wu Jian Council.
  6607 | D:6      | Got the Vellum of Ill Luck
  6612 | D:6      | Learned a level 3 spell: Dazzling Flash
  6635 | D:6      | Found a sand-covered staircase.
  6640 | Ossuary  | Entered an ossuary
  6702 | Ossuary  | Reached * piety under Cheibriados
  7006 | D:6      | Reached skill level 1 in Hexes
  7024 | D:6      | Reached XP level 8. HP: 25/48 MP: 11/13
  7135 | D:6      | Found a staircase to the Ecumenical Temple.
  7296 | D:6      | Found a sacrificial altar of Ru.
  7570 | D:6      | Found a hide-covered altar of Uskayaw.
  7776 | D:6      | Found Jyackiwk's Magic Scroll Shoppe.
  7779 | D:6      | Bought a scroll of butterflies for 52 gold pieces
  7779 | D:6      | Bought a scroll of teleportation for 39 gold pieces
  8015 | D:7      | Noticed onwiheg's ghost (novice FoBe)
  8016 | D:7      | Found a transporter.
  8017 | D:7      | Identified the +6 dire flail of Accord {antimagic, rElec
                  | rF+}
  8078 | D:7      | Found a transporter.
  8084 | D:7      | Found a flagged portal.
  8100 | Bailey   | Entered a bailey
  8599 | Bailey   | Reached ** piety under Cheibriados
  8790 | Bailey   | Slain by an orc warrior

Illustrated notes

Levels and vault maps discovered:
D:1:      mrwooster_arrival_statue_2, layout_loops_ring
D:2:      layout_basic, serial_shops, nicolae_shop_gibbet_a_chance, uniq_jessica
D:3:      layout_loops_ring, serial_bayou_pond_c, nicolae_underground_beach
D:4:      layout_gridville, mainiacjoe_overflow_surrounded_room
D:5:      layout_loops_ring, nicolae_wu_jian_wuxing_cycle, saegor_snake_ambush
D:6:      layout_basic, kennysheep_mini, mainiacjoe_overflow_small_starburst,
          minmay_temple_entry_wispy, serial_shops, nicolae_shop_rolled_up,
          enter_ossuary_5, minmay_misc_feat_tiny
D:7:      layout_loops_corners, gammafunk_ghost_smash, enter_bailey_5
Bailey:   bailey_polearm_nasty_gnolls, bailey

Skill      XL: |  1  2  3  4  5  6  7  8 |
---------------+-------------------------+-----
Poison Magic   | 4 5 |  5.9
Fighting       | 1 |  1.5
Air Magic      | 1 2 3 |  3.2
Conjurations   | 1 2 |  2.9
Spellcasting   | 3 |  3.9
Axes           | 1 |  1.2
Invocations    | 1 3 4 |  4.4
Dodging        | 3 |  3.4
Hexes          | 2 3 |  3.3
Stealth        | |  2.6
Transmutations | |  1.0

Action                     |  1- 3 |  4- 6 |  7- 9 || total
---------------------------+-------+-------+-------++-------
  Melee: Unarmed           |    13 |       |       ||    13
         Tentacles         |     7 |    10 |    34 ||    51
         Constrict         |     7 |    15 |    31 ||    53
         War axe           |    18 |    75 |   113 ||   206
         Hand axe          |       |       |    15 ||    15
         Punch             |       |       |     1 ||     1
   Cast: Sting             |    13 |     5 |     1 ||    19
         Poisonous Vapours |    15 |    31 |     3 ||    49
         Mephitic Cloud    |       |     4 |     4 ||     8
         Olgreb's Toxic Ra |       |       |     8 ||     8
    Use: Scroll            |     6 |     7 |     4 ||    17
         Potion            |       |     1 |     2 ||     3
   Stab: Sleeping          |     1 |     3 |     7 ||    11
         Confused          |       |     2 |       ||     2
         Distracted        |       |     1 |       ||     1
 Armour: Skin              |       |     4 |     1 ||     5
  Dodge: Dodged            |    30 |    49 |   144 ||   223

Table legend: (Time is in decaauts)
 A = Elapsed time spent in this place.
 B = Non-inter-level travel time spent in this place.
 C = Inter-level travel time spent in this place.
 D = Time resting spent in this place.
 E = Time spent auto-exploring this place.
 F = Levels seen in this place.
 G = Mean time per level.
                   A        B        C        D        E       F      G
               +--------+--------+--------+--------+--------+-----+--------+
         Total |   9496 |   9223 |    273 |   2886 |   5004 |   9 | 1055.1 |
       Dungeon |   8380 |   8107 |    273 |   2151 |   4824 |   7 | 1197.1 |
       Ossuary |    375 |    375 |      0 |    196 |     79 |   1 |  375.0 |
        Bailey |    740 |    740 |      0 |    539 |    100 |   1 |  740.0 |
               +--------+--------+--------+--------+--------+-----+--------+

Top non-repeatable levels by time:
     D:2: 1638 daAuts
     D:3: 1611 daAuts
     D:5: 1596 daAuts
     D:6: 1206 daAuts
     D:4: 993 daAuts
     D:1: 953 daAuts
  Bailey: 740 daAuts
     D:7: 380 daAuts
 Ossuary: 375 daAuts
